 Dungeon Crawl Stone Soup version 0.29-a0-810-g3812dd5c9c (webtiles) character file.

Game seed: 13814872377706952053

546615 Gargoyl the Hoplite (level 26, -8/270 HPs)
             Began as a Gargoyle Berserker on July 4, 2022.
             Was a Priest of Trog.
             Killed by divine providence
             ... invoked by a royal mummy
              (11 damage)
             ... on level 2 of the Tomb of the Ancients.
             The game lasted 01:52:34 (74110 turns).

Gargoyl the Hoplite (Gargoyle Berserker)           Turns: 74110, Time: 01:52:35

Health: -8/270     AC: 59    Str: 29      XL:     26   Next: 17%
Magic:  21/21      EV: 15    Int: 16      God:    Trog [***...]
Gold:   5969       SH: 18    Dex: 17 (20) Spells: 25/25 levels left

rFire   + + .      SeeInvis +   k - +9 hand axe (elec)
rCold   + . .      Faith    .   c - +2 buckler of Purpose {rN+ Int+6 Slay+2}
rNeg    + + .      Spirit   .   F - +5 chain mail of Kuracs {rF+ Will+ Dex+5 Stlth-}
rPois   ∞          Reflect  +   T - +2 helmet {SInv}
rElec   +          Harm     .   b - +2 cloak
rCorr   .          Rampage  .   X - +2 pair of gloves
Will    +++++      Clarity  +   Y - +2 pair of boots of Incorporation {Will+}
Stlth   ..........              D - amulet of reflection
HPRegen 1.00/turn               P - ring of Ovongum Imou {rC+ AC+4 Str+4}
MPRegen 0.17/turn               f - ring of protection from fire

@: berserking (expiring), strong-willed, flying, regenerating, slowed, studying
Evocations
A: sickness immunity, AC +20, big wings, negative energy resistance 1,
electricity resistance, torment resistance 1, petrification resistance, talons
1, clarity, low MP 1, inhibited regeneration, subdued magic 2, inability to read
while threatened 1
}: 3/15 runes: serpentine, barnacled, silver
a: Renounce Religion, Berserk, Trog's Hand


You were on level 2 of the Tomb of the Ancients.
You worshipped Trog.
Trog was most pleased with you.
You visited 9 branches of the dungeon, and saw 44 of its levels.
You visited the Abyss 2 times.

You collected 8861 gold pieces.
You spent 2892 gold pieces at shops.

Inventory:

Hand Weapons
 k - a +9 hand axe of electrocution (weapon)
 B - a +1 long sword of holy wrath
 H - a +6 war axe of electrocution
 I - a +0 trident of flaming
 Z - a +2 war axe of flaming
Missiles
 w - 56 poisoned darts (quivered)
Armour
 b - a +2 cloak (worn)
 c - the +2 buckler of Purpose (worn) {rN+ Int+6 Slay+2}
   (You took it off a tengu reaver on level 4 of the Vaults)

   Int:       It affects your intelligence (+6).
   Slay:      It affects your accuracy & damage with ranged weapons and melee
   (+2).
   rN:        It protects you from negative energy.
 y - the +0 helmet of Dovuirph {SInv Stlth+}
   (You found it on level 14 of the Dungeon)

   SInv:      It lets you see invisible.
   Stlth:     It makes you more stealthy.
 F - the +5 chain mail of Kuracs (worn) {rF+ Will+ Dex+5 Stlth-}
   (You bought it in a shop on level 9 of the Dungeon)

   Dex:       It affects your dexterity (+5).
   rF:        It protects you from fire.
   Will:      It increases your willpower.
   Stlth:     It makes you less stealthy.
 T - a +2 helmet of see invisible (worn)
 X - a +2 pair of gloves (worn)
 Y - the +2 pair of boots of Incorporation (worn) {Will+}
   (You bought it in a shop on level 3 of the Vaults)

   Will:      It increases your willpower.
Jewellery
 d - a ring of resist corrosion
 f - a ring of protection from fire (right hand)
 h - a ring of protection from cold
 q - a +6 ring of dexterity
 s - a +4 ring of evasion
 v - an amulet of guardian spirit
 D - an amulet of reflection (around neck)
 E - the ring of Plog {Ice rElec Will+ Str+5}
   (You found it on level 2 of the Crypt)

   [ring of ice]

   It enhances your ice magic.
   Str:       It affects your strength (+5).
   rF:        It makes you vulnerable to fire.
   rC:        It protects you from cold.
   rElec:     It insulates you from electricity.
   Will:      It increases your willpower.
 G - a ring of magical power
 M - a ring of protection from fire
 P - the ring of Ovongum Imou (left hand) {rC+ AC+4 Str+4}
   (You found it on level 3 of the Lair of Beasts)

   [ring of protection]

   AC:        It affects your AC (+4).
   Str:       It affects your strength (+4).
   rC:        It protects you from cold.
Wands
 e - a wand of polymorph (11)
 i - a wand of charming (34)
 m - a wand of iceblast (12)
 u - a wand of flame (54)
 x - a wand of mindburst (37)
 A - a wand of quicksilver (18)
 W - a wand of digging (12)
Scrolls
 a - 2 scrolls of summoning
 j - 6 scrolls of torment
 l - 3 scrolls of enchant armour
 r - 9 scrolls of fear
 z - 2 scrolls of blinking
 C - 4 scrolls of magic mapping
 L - a scroll of silence
 O - a scroll of brand weapon
 Q - 11 scrolls of fog
 R - 27 scrolls of identify
 V - 3 scrolls of teleportation
Potions
 g - 5 potions of berserk rage
 n - 9 potions of magic
 o - 7 potions of haste
 p - 12 potions of curing
 t - 2 potions of heal wounds
 J - a potion of resistance
 K - 10 potions of mutation
 N - 3 potions of cancellation
 S - 4 potions of might


   Skills:
 + Level 22.2 Fighting
 + Level 0.6(0.9) Short Blades
 + Level 0.6(0.9) Long Blades
 + Level 19.2(20.7) Axes
 + Level 14.4(19.3) Maces & Flails
 + Level 0.6(12.6) Polearms
 + Level 0.7(9.4) Staves
 + Level 0.7 Ranged Weapons
 + Level 2.7 Throwing
 + Level 18.7 Armour
 + Level 10.3 Dodging
 + Level 4.7 Stealth
 + Level 25.9 Shields
 + Level 0.9 Unarmed Combat
 + Level 0.9 Invocations
 + Level 1.6 Evocations


You had 25 spell levels left.
You didn't know any spells.
Your spell library was empty.

Dungeon Overview and Level Annotations

Branches:
Dungeon (15/15)            Temple (0/1) D:6            Lair (6/6) D:11
 Shoals (4/4) Lair:2        Snake (4/4) Lair:4        Slime (0/5) Lair:6
    Orc (2/2) D:10            Elf (3/3) Orc:2        Vaults (5/5) D:13
  Crypt (3/3) Vaults:2       Tomb (2/3) Crypt:3      Depths (0/4) D:15

Altars:
Ashenzari
Cheibriados
Dithmenos
Kikubaaqudgha
Nemelex Xobeh
Okawaru
Qazlal
Ru
Sif Muna
Uskayaw
Vehumet
Xom
Zin
The Shining One
Jiyva

Shops:
D:9 [   D:11 *   D:12 (   Orc:2 *(:[   Elf:2 =   Elf:3 :??[   Shoals:2 ((
Snake:4 *   Vaults:1 (   Vaults:3 ?(=*[   Vaults:4 *

Annotations:
D:4 2 transporters, triguntf's ghost, amateur HOFi
D:14 exclusion: obsidian statue
Lair:1 exclusion: 2 oklob plants
Snake:1 2 transporters, Tafist's ghost, journeyman MiFi


Innate Abilities, Weirdness & Mutations

You are immune to sickness and miasma.
Your stone body is resilient. (AC +20)
You are immune to poison.
Your large and strong wings let you fly.
You resist negative energy. (rN+)
You are resistant to electric shocks. (rElec)
You are resistant to unholy torment.
You are immune to petrification.
You have sharp toenails.
You possess an exceptional clarity of mind.
Your magical capacity is low. (-10% MP)
You do not regenerate when monsters are visible.
Your spells are easier to cast, but less powerful.
You occasionally lose the ability to read scrolls when taking damage.


Message History

The mummy priest hits you but does no damage.
The royal mummy casts a spell at you. Something smites you!
* * * LOW HITPOINT WARNING * * *
A royal mummy comes into view. It is wielding a +0 trident.
The royal mummy mumbles some strange words.
The death scarab moves out of view.
You hear a faint skittering sound. x3
You slash the royal mummy!
The royal mummy is almost destroyed.
You slash the death scarab!
You destroy the death scarab!
The death scarab's corpse disappears in a puff of smoke!
You slash the guardian mummy! You slash the mummy priest!
You destroy the mummy priest!
Trog accepts your kill.
You feel extremely nervous for a moment...
You feel a surge of unholy energy.
You are too berserk!
You slice the royal mummy!!
The royal mummy is almost destroyed.
You slash the emperor scorpion! You slash the guardian mummy!
You slice the death scarab!!
Lightning courses through the death scarab!
You completely miss the death scarab. You block the death scarab's attack. x2
The guardian mummy hits you but does no damage.
You completely miss the royal mummy.
The royal mummy is almost destroyed.
You barely miss the emperor scorpion. You slice the guardian mummy!!
You destroy the guardian mummy!
Trog accepts your kill.
You closely miss the death scarab. You slash the mummy!
You hit the death scarab.
You feel extremely nervous for a moment...
You feel horribly lethargic.
You feel yourself slow down. The death scarab misses you.
You block the emperor scorpion's attack. x3
The royal mummy casts a spell.
The royal mummy casts a spell at you. Something smites you!
You die...

.## ##. .. . ..
### .. ... .M
.##.##. .M..
..M##.....##....
..#.........#..^
.#.......M...#..
#.......BB....#
#..[...B@.B...#
#......MsM.=..#
.#...BB.BM...#..
..#....B.B.s#...
...##.....##M.M.
.. .##.##. M...
. .. ### .. ...
.## ##. ..


You could see 4 royal mummies, 2 emperor scorpions, 9 death scarabs and 6
mummies.

Vanquished Creatures
  3 dread liches
  2 ancient liches
  4 royal mummies (Tomb:1)
  Margery (Vaults:3)
  Nikola (Vaults:3)
  3 golden dragons
  Zenata (Elf:1)
  Mlioglotl (Snake:2)
  Jorgrun (D:14)
  3 tentacled monstrosities
  2 deep elf blademasters
  7 liches
  9 titans
  2 deep elf master archers (Elf:3)
  4 ancient champions
  Frances (Elf:1)
  An Executioner (Abyss:2)
  10 sphinxes
  2 krakens
  3 tentacled starspawn (Abyss:2)
  Roxanne (Shoals:4)
  5 shadow dragons
  Agnes (Elf:2)
  2 storm dragons
  5 tengu reavers
  A revenant (Crypt:1)
  3 nagarajas (Snake:4)
  Donald (Vaults:4)
  A fire giant (Vaults:5)
  2 orc warlords
  2 frost giants
  9 deep elf sorcerers
  8 deep elf elementalists (Elf:3)
  A draconian scorcher (Abyss:2)
  A balrug (Abyss:2)
  A caustic shrike zombie (Crypt:3)
  9 vault wardens
  3 curse skulls
  6 ghouls (Crypt:2)
  The ghost of Dwachs the Marksspriggan, an adept SpHu of Gozag (Snake:3)
  A reaper (Crypt:2)
  A caustic shrike skeleton (Crypt:3)
  15 ironbound preservers
  16 very ugly things
  2 juggernaut skeletons (Tomb:2)
  6 war gargoyles
  The ghost of Jakan the Bludgeoner, an adept VSIE of Uskayaw (D:14)
  7 bennus (Tomb:1)
  4 vampire knights
  2 stone giants (Vaults:5)
  6 ironbound thunderhulks
  2 deep elf annihilators (Elf:3)
  4 deep elf demonologists
  Azrael (Elf:2)
  20 dire elephants
  2 eidola
  Snorg (D:14)
  5 merfolk javelineers
  A dire elephant (shapeshifter) (Vaults:4)
  The ghost of Cyateurch the Geomancer, a journeyman GrEE of Qazlal (D:14)
  2 crystal guardians (Vaults:4)
  3 jiangshi
  9 deep elf death magi
  A blizzard demon (Abyss:2)
  9 mummy priests
  7 ettins
  Harold (D:10)
  26 vault guards
  5 great orbs of eyes
  8 merfolk impalers
  8 yaktaur captains
  6 deep elf high priests
  A rakshasa (Abyss:2)
  5 hydras
  5 peacekeepers
  5 boulder beetles
  2 quicksilver dragon skeletons
  An ogre mage (Vaults:5)
  2 death knights (Crypt:2)
  A hydra (shapeshifter) (Vaults:4)
  4 spriggan skeletons
  2 catoblepae
  A fenstrider witch skeleton (Crypt:3)
  25 naga warriors
  5 ironbound frosthearts
  An alligator snapping turtle (Shoals:4)
  3 salamander tyrants (Snake:4)
  A radroach (shapeshifter) (Vaults:4)
  4 two-headed ogres
  10 centaur warriors
  2 merfolk avatars
  6 satyrs
  7 anacondas
  2 merfolk aquamancers (Shoals:4)
  28 dancing weapons
  An orc high priest (Orc:1)
  12 death scarabs (Tomb:1)
  4 vampire magi
  9 death yaks
  3 thrashing horrors (Abyss:2)
  A tengu warrior (D:14)
  2 soul eaters
  9 shock serpents
  10 naga sharpshooters
  3 sun demons (Abyss:2)
  14 hell knights
  A death drake (shapeshifter) (D:13)
  5 wretched stars (Abyss:2)
  16 deep elf knights
  9 salamander mystics
  31 skeletal warriors
  A golden dragon zombie (Crypt:3)
  A storm dragon skeleton (Crypt:3)
  8 sea snakes
  Lodul (D:11)
  31 deep trolls
  A glowing orange brain (Abyss:2)
  2 flayed ghosts (Crypt:2)
  7 naga ritualists
  7 deep elf archers
  A spriggan simulacrum (Crypt:2)
  18 deep elf zephyrmancers
  3 bog bodies (Crypt:2)
  An anaconda skeleton (Crypt:3)
  20 ironbound convokers
  5 phantasmal warriors
  5 wizards
  24 deep elf pyromancers
  11 orc knights
  An iron dragon zombie (Crypt:3)
  2 necromancers
  A goliath frog zombie (Crypt:1)
  Pikel (D:9)
  9 lindwurms
  31 harpies
  11 mana vipers
  A will-o-the-wisp (Abyss:2)
  2 orc sorcerers
  An eleionoma zombie (Crypt:1)
  23 fauns
  6 cyclopes
  21 manticores
  2 worldbinders (Abyss:2)
  29 ugly things
  29 salamanders
  A cyclops (shapeshifter) (Vaults:2)
  20 elephants
  A stone giant skeleton (Crypt:3)
  40 black mambas
  A dire elephant zombie (Crypt:2)
  6 merfolk sirens
  13 guardian serpents
  3 water nymphs
  A storm dragon simulacrum (Crypt:2)
  16 vault sentinels
  A centaur skeleton (Crypt:3)
  A centaur zombie (Abyss:2)
  4 smoke demons
  19 naga magi
  6 gargoyles
  12 cane toads
  2 torpor snails
  A hellion (Abyss:2)
  An unseen horror (D:10)
  A minotaur zombie (Tomb:1)
  2 naga skeletons
  6 kobold demonologists
  15 guardian mummies
  7 komodo dragons
  19 yaktaurs
  A hellwing (Abyss:2)
  A tengu conjurer (D:15)
  2 ancient zymes (Abyss:2)
  2 rime drakes
  3 efreet
  7 freezing wraiths
  4 red devils (Crypt:3)
  9 wind drakes
  5 trolls
  33 merfolk
  A hornet (D:8)
  31 slime creatures
  28 blink frogs
  2 harpy zombies (Crypt:3)
  2 harpy skeletons
  A hydra skeleton (Crypt:3)
  15 dream sheep
  A culicivora zombie (Crypt:2)
  11 flying skulls (Abyss:2)
  A black mamba zombie (Crypt:2)
  12 snapping turtles
  5 water elementals
  A dire elephant simulacrum (Crypt:2)
  6 shadows (Crypt:3)
  3 air elementals
  4 vampires
  7 small abominations (Abyss:2)
  A wind drake zombie (Crypt:2)
  54 yaks
  A naga simulacrum (Crypt:2)
  2 basilisks
  11 large abominations (Abyss:2)
  5 wraiths
  3 ynoxinuls (Abyss:2)
  Grum (D:11)
  8 fire elementals
  3 wyverns
  A wyvern (shapeshifter) (D:14)
  4 ushabtiu
  A chaos spawn (Abyss:2)
  2 neqoxecs (Abyss:2)
  A vampire mosquito (D:13)
  A redback (shapeshifter) (Vaults:4)
  3 wargs
  63 nagas
  12 water moccasins
  9 hell hounds
  Pargi (D:3)
  36 orc warriors
  2 black bears
  A black mamba simulacrum (Crypt:2)
  16 ogres
  22 centaurs
  8 wolves
  A dream sheep skeleton (Crypt:2)
  A lemure (D:9)
  A phantom (D:5)
  6 kobold brigands
  A salamander zombie (Crypt:1)
  4 necrophages
  14 bullfrogs
  A yaktaur zombie (Crypt:2)
  2 gnoll sergeants
  5 earth elementals
  A scorpion (D:5)
  8 wights
  6 killer bees (D:8)
  A raiju skeleton (Crypt:2)
  An electric eel (Lair:2)
  A howler monkey (D:13)
  33 starcursed masses (Abyss:2)
  A crimson imp (Abyss:2)
  2 jellies (Abyss:2)
  20 orc priests
  3 hounds
  2 quasits (Abyss:2)
  An iron imp (Abyss:2)
  Jessica (D:2)
  Natasha (thrice) (D:4)
  7 hell rats (Lair:1)
  An iguana (D:5)
  22 orc wizards
  A boggart skeleton (Crypt:1)
  A hound zombie (Crypt:1)
  13 mummies
  Robin (D:4)
  15 gnolls
  3 adders
  A swamp drake zombie (Crypt:2)
  2 shadow imps
  3 ufetubi (Abyss:2)
  2 worms (D:4)
  A dart slug (D:4)
  77 orcs
  5 ball pythons
  6 endoplasms
  5 giant cockroaches
  15 goblins
  6 hobgoblins
  8 jackals
  38 kobolds
  9 quokkas
  A river rat zombie (Crypt:1)
  5 bats
  3 frilled lizards
  An orc zombie (Crypt:1)
  6 rats
  A starspawn tentacle (Abyss:2)
  3 tentacles (Shoals:1)
1928 creatures vanquished.

Vanquished Creatures (collateral kills)
  Bai Suzhen (Shoals:4)
  Saint Roka (Vaults:3)
  3 bone dragons
  2 deep elf sorcerers (Elf:3)
  A curse skull (Crypt:2)
  2 ghouls (Crypt:2)
  An ironbound preserver (Vaults:5)
  A bennu (Tomb:1)
  A deep elf annihilator (Elf:3)
  A blizzard demon (Abyss:2)
  A salamander tyrant (Snake:4)
  A naga warrior (Snake:4)
  3 death yaks (Lair:6)
  A shock serpent (Snake:3)
  A wretched star (Abyss:2)
  A skeletal warrior (Crypt:3)
  A flayed ghost (Crypt:2)
  An ironbound convoker (Vaults:1)
  A salamander (Snake:4)
  2 elephants (Lair:6)
  A guardian serpent (Snake:4)
  A merfolk siren (Shoals:4)
  A smoke demon (Abyss:2)
  A naga mage (Snake:3)
  An ancient zyme (Abyss:2)
  2 hellwings (Abyss:2)
  A snapping turtle (Shoals:4)
  A steam dragon (D:8)
  A hell hound (Abyss:2)
  2 orc warriors
  An earth elemental (Abyss:2)
  A draconian skeleton (Crypt:2)
  4 orcs
  A jackal (D:3)
46 creatures vanquished.

Vanquished Creatures (others)
  Josephina (Crypt:2)
  An ironbound thunderhulk (Vaults:4)
  A naga warrior (Snake:4)
  A naga sharpshooter (Snake:4)
  A deep elf knight (Elf:2)
  A wretched star (Abyss:2)
  A wizard (Vaults:4)
  A harpy (Shoals:3)
  A mana viper (Snake:3)
  2 fauns (Shoals:4)
  A naga mage (Snake:3)
  A dream sheep (Shoals:2)
  An air elemental (Elf:1)
  A snapping turtle (Shoals:4)
  2 flying skulls (Abyss:2)
  A ynoxinul (Abyss:2)
  A centaur (Orc:2)
  2 starcursed masses (Abyss:2)
  4 foxfires (Abyss:2)
  53 fungi
  206 plants
  6 starspawn tentacles (Abyss:2)
  5 tentacles
  4 withered plants (Crypt:3)
299 creatures vanquished.

Grand Total: 2273 creatures vanquished

Notes
Turn   | Place    | Note
-------+----------+-------------------------------------------
     0 | D:1      | Gargoyl the Gargoyle Berserker began the quest for the Orb.
     0 | D:1      | Reached XP level 1. HP: 14/14 MP: 1/1
   183 | D:1      | Reached XP level 2. HP: 15/19 MP: 2/2
   788 | D:1      | Reached XP level 3. HP: 24/24 MP: 3/3
  1346 | D:2      | Noticed Jessica
  1357 | D:2      | Killed Jessica
  1358 | D:2      | Reached XP level 4. HP: 24/29 MP: 4/4
  1812 | D:2      | Reached ** piety under Trog
  2526 | D:3      | Found a faded altar of an unknown god.
  2598 | D:3      | Noticed Pargi
  2648 | D:3      | Killed Pargi
  2649 | D:3      | Reached XP level 5. HP: 24/33 MP: 5/5
  2904 | D:3      | Found a hide-covered altar of Uskayaw.
  3203 | D:4      | Reached XP level 6. HP: 26/38 MP: 6/6
  3351 | D:4      | Noticed Robin
  3377 | D:4      | Killed Robin
  3660 | D:4      | Reached skill level 1 in Maces & Flails
  3772 | D:4      | Found a transporter.
  3801 | D:4      | Found a transporter.
  3806 | D:4      | Noticed triguntf's ghost (amateur HOFi)
  3817 | D:4      | Noticed Natasha
  3827 | D:4      | Killed Natasha
  3849 | D:4      | Reached *** piety under Trog
  3862 | D:4      | Found a snail-covered altar of Cheibriados.
  3885 | D:4      | Found an ancient bone altar of Kikubaaqudgha.
  4036 | D:4      | Noticed Natasha
  4043 | D:4      | Reached XP level 7. HP: 36/44 MP: 7/7
  4044 | D:4      | Killed Natasha
  4047 | D:4      | Noticed Natasha
  4055 | D:4      | Killed Natasha
  4194 | D:5      | Entered Level 5 of the Dungeon
  4214 | D:5      | Found a shimmering altar of Xom.
  4308 | D:5      | You fall into a shaft and drop 1 floor!
  4352 | D:6      | Reached skill level 1 in Stealth
  4422 | D:6      | Found a staircase to the Ecumenical Temple.
  4587 | D:5      | Found a large runed translucent door.
  4587 | D:5      | Found a large runed translucent door.
  4727 | D:5      | Reached XP level 8. HP: 32/48 MP: 8/8
  5024 | D:5      | Reached skill level 5 in Fighting
  5031 | D:5      | Reached skill level 5 in Maces & Flails
  5251 | D:5      | Found an iron altar of Okawaru.
  5376 | D:5      | Found a glowing golden altar of the Shining One.
  5444 | D:5      | Found a sparkling altar of Nemelex Xobeh.
  5455 | D:5      | Found a shimmering blue altar of Sif Muna.
  6252 | D:7      | Reached skill level 5 in Armour
  6463 | D:7      | Reached **** piety under Trog
  6471 | D:7      | Reached skill level 1 in Throwing
  6634 | D:7      | Found a glowing silver altar of Zin.
  6814 | D:7      | Found a stormy altar of Qazlal.
  6865 | D:7      | Reached XP level 9. HP: 46/54 MP: 9/9
  7839 | D:8      | Reached skill level 1 in Shields
  8406 | D:8      | Noticed a hornet
  8415 | D:8      | Killed a hornet
  8416 | D:8      | Reached skill level 2 in Shields
  8552 | D:9      | Found a radiant altar of Vehumet.
  8631 | D:9      | Noticed a kobold demonologist
  8651 | D:9      | Noticed a rust devil
  8657 | D:9      | Killed a kobold demonologist
  8720 | D:9      | Noticed Pikel
  8733 | D:9      | Killed Pikel
  8734 | D:9      | Reached XP level 10. HP: 52/61 MP: 10/10
  8798 | D:9      | Found Neuxzocw's Antique Armour Shoppe.
  8801 | D:9      | Bought a masterwork chain mail for 171 gold pieces
  8801 | D:9      | Identified the +5 chain mail of Kuracs {rF+ Will+ Dex+5
                  | Stlth-} (You bought it in a shop on level 9 of the Dungeon)
  9348 | D:9      | Found a broken altar of Ashenzari.
  9737 | D:10     | Entered Level 10 of the Dungeon
  9737 | D:10     | Noticed Harold
  9751 | D:10     | Killed Harold
  9752 | D:10     | Reached skill level 5 in Dodging
  9752 | D:10     | Reached skill level 3 in Shields
  9826 | D:10     | Noticed an unseen horror
  9846 | D:10     | Killed an unseen horror
  9847 | D:10     | Reached skill level 10 in Maces & Flails
 10020 | D:10     | Found a staircase to the Orcish Mines.
 10188 | D:10     | Reached XP level 11. HP: 36/68 MP: 11/11
 10867 | D:11     | Noticed a manticore
 10869 | D:11     | Noticed a two-headed ogre
 10880 | D:10     | Killed a manticore
 10928 | D:11     | Killed a two-headed ogre
 10944 | D:11     | Noticed an eight-headed hydra
 10947 | D:11     | Identified the +0 scale mail "Ruvecag" {Harm rC+ Will-
                  | Dex+3}
 10960 | D:11     | Killed an eight-headed hydra
 11021 | D:11     | Noticed Lodul
 11468 | D:11     | Killed Lodul
 11469 | D:11     | Reached skill level 4 in Shields
 11504 | D:11     | Noticed Grum
 11519 | D:11     | Killed Grum
 11707 | D:11     | Found a staircase to the Lair.
 11753 | D:11     | Found Zatounot's General Store.
 11756 | D:11     | Bought a potion of mutation for 128 gold pieces
 11771 | Lair:1   | Entered Level 1 of the Lair of Beasts
 12090 | Lair:1   | Noticed an oklob plant
 12093 | Lair:1   | Noticed an oklob plant
 12807 | Lair:1   | Reached XP level 12. HP: 38/75 MP: 12/12
 13289 | Lair:2   | Reached skill level 5 in Shields
 13790 | Lair:2   | Reached ***** piety under Trog
 13797 | Lair:2   | Identified the +5 rapier of Abuse {protect, Str+6}
 13914 | Lair:2   | Found a staircase to the Shoals.
 14726 | Lair:2   | Reached skill level 10 in Fighting
 15097 | Lair:3   | Reached skill level 10 in Armour
 15859 | Lair:3   | Reached XP level 13. HP: 70/83 MP: 13/13
 15873 | Lair:3   | Reached skill level 6 in Shields
 16929 | Lair:3   | Identified the ring of Ovongum Imou {rC+ AC+4 Str+4}
 17453 | Lair:4   | Reached skill level 5 in Axes
 17965 | Lair:4   | Found a staircase to the Snake Pit.
 19709 | Lair:6   | Entered Level 6 of the Lair of Beasts
 19738 | Lair:6   | Gained mutation: Your large and strong wings let you fly.
                  | [Gargoyle growth]
 19738 | Lair:6   | Reached XP level 14. HP: 90/90 MP: 14/14
 19889 | Lair:6   | Received a gift from Trog
 20150 | Lair:6   | Found a viscous altar of Jiyva.
 20151 | Lair:6   | Found a staircase to the Slime Pits.
 20191 | Lair:6   | Reached skill level 7 in Shields
 21770 | D:12     | Found Athreluso's Weapon Shop.
 22085 | D:13     | Reached skill level 10 in Axes
 22552 | D:13     | Noticed an ironbound preserver
 22730 | D:13     | Killed an ironbound preserver
 22823 | D:13     | Reached XP level 15. HP: 54/97 MP: 15/15
 23615 | D:13     | Found a gate to the Vaults.
 23674 | D:14     | Found a runed translucent gate.
 23674 | D:14     | Found a runed translucent gate.
 23674 | D:14     | Found an ancient bone altar of Kikubaaqudgha.
 23675 | D:14     | Found a runed translucent gate.
 23675 | D:14     | Noticed Jakan's ghost (adept VSIE)
 23675 | D:14     | Noticed a lich
 23675 | D:14     | Noticed Cyateurch's ghost (journeyman GrEE)
 23675 | D:14     | Noticed a lich
 23675 | D:14     | Noticed a lich
 23847 | D:14     | Reached skill level 8 in Shields
 24455 | D:14     | Noticed Snorg
 24472 | D:14     | Killed Snorg
 24668 | D:14     | Identified the +4 scale mail "Zol Zafuiso" {rC+ Int+6}
 24704 | D:14     | Noticed Jorgrun
 24723 | D:14     | Killed Jorgrun
 25073 | D:14     | Killed a lich
 25081 | D:14     | Killed a lich
 25093 | D:14     | Killed a lich
 25921 | D:14     | Killed Jakan's ghost
 26183 | D:14     | Killed Cyateurch's ghost
 26202 | D:14     | Identified the ring of Darkness {rElec EV+4 SInv}
 26211 | D:14     | Identified the +0 helmet of Dovuirph {SInv Stlth+}
 26256 | D:15     | Entered Level 15 of the Dungeon
 27002 | D:15     | Found a shadowy altar of Dithmenos.
 27251 | D:15     | Found a staircase to the Depths.
 27619 | Orc:1    | Entered Level 1 of the Orcish Mines
 28223 | Orc:2    | Entered Level 2 of the Orcish Mines
 28360 | Orc:2    | Paralysed by an orc sorcerer for 3 turns
 28964 | Orc:2    | Found a staircase to the Elven Halls.
 28976 | Orc:2    | Reached XP level 16. HP: 104/104 MP: 16/16
 29277 | Orc:2    | Found Axuann's Antique Armour Emporium.
 29452 | Orc:2    | Found Acvuj's Book Shoppe.
 29452 | Orc:2    | Found Derruo's Antique Weapon Shop.
 29452 | Orc:2    | Found Soepruaph's General Store.
 29639 | Orc:2    | Bought a glowing war axe for 247 gold pieces
 29648 | Orc:2    | Bought 3 scrolls of blinking for 315 gold pieces
 29653 | Orc:2    | Bought a fine plate armour for 868 gold pieces
 29653 | Orc:2    | Identified the +7 plate armour of the Curious Realms {-Tele
                  | Will+ Stlth+} (You bought it in a shop on level 2 of the
                  | Orcish Mines)
 29914 | Snake:1  | Entered Level 1 of the Snake Pit
 29920 | Snake:1  | Found a transporter.
 30130 | Snake:1  | Noticed Tafist's ghost (journeyman MiFi)
 30253 | Snake:1  | Found a transporter.
 30591 | Snake:1  | Reached skill level 9 in Shields
 31411 | Snake:2  | Identified the ring "Itwuttoe" {Ice Int+2}
 32083 | Snake:2  | Found a sacrificial altar of Ru.
 32169 | Snake:2  | Noticed Mlioglotl
 32214 | Snake:2  | Reached skill level 10 in Shields
 32690 | Snake:2  | Killed Mlioglotl
 33377 | Snake:3  | Gained mutation: You have sharp toenails. [potion of
                  | mutation]
 33377 | Snake:3  | Gained mutation: You possess an exceptional clarity of
                  | mind. [potion of mutation]
 33396 | Snake:3  | Found a transporter.
 33516 | Snake:3  | Reached skill level 11 in Shields
 33660 | Snake:3  | Reached XP level 17. HP: 107/112 MP: 17/17
 34098 | Snake:3  | Found a transporter.
 34107 | Snake:3  | Noticed Dwachs's ghost (adept SpHu)
 34332 | Snake:3  | Reached skill level 12 in Shields
 34543 | Snake:3  | Killed Dwachs's ghost
 34546 | Snake:3  | Identified the ring "Zofad" {MP+9 Dex+2}
 35495 | Snake:4  | Entered Level 4 of the Snake Pit
 35524 | Snake:4  | Reached skill level 15 in Fighting
 35912 | Snake:4  | Reached skill level 13 in Shields
 37178 | Snake:4  | Reached XP level 18. HP: 113/119 MP: 18/18
 37215 | Snake:4  | Reached skill level 14 in Shields
 37428 | Snake:4  | Found Qeigg's Overcharged Wands.
 37697 | Snake:4  | Reached skill level 15 in Armour
 38200 | Snake:4  | Got a serpentine rune of Zot
 38531 | Vaults:1 | Entered Level 1 of the Vaults
 39078 | Vaults:1 | Reached skill level 15 in Shields
 39728 | Vaults:1 | Found Ahepywn's Antique Weapon Shop.
 39940 | Vaults:1 | Reached skill level 15 in Axes
 40950 | Vaults:2 | Reached skill level 16 in Shields
 41340 | Vaults:2 | Reached XP level 19. HP: 64/126 MP: 19/19
 41780 | Vaults:2 | Found a staircase to the Crypt.
 41907 | Vaults:2 | HP: 4/183 [tengu reaver/bolt of negative energy (9)]
 42774 | Vaults:2 | Reached skill level 17 in Shields
 43405 | Vaults:3 | Found Maofits's Antique Weapon Shop.
 43705 | Vaults:3 | Noticed Nikola
 43729 | Vaults:3 | Killed Nikola
 44444 | Vaults:3 | Found Can Amut's Magic Scroll Shop.
 44451 | Vaults:3 | Bought a scroll of teleportation for 45 gold pieces
 44451 | Vaults:3 | Bought a scroll of teleportation for 45 gold pieces
 44704 | Vaults:3 | Paralysed by a great orb of eyes for 5 turns
 44989 | Vaults:3 | Found Zachicom's Antique Armour Boutique.
 44998 | Vaults:3 | Bought a pair of bloodstained boots for 266 gold pieces
 44998 | Vaults:3 | Identified the +2 pair of boots of Incorporation {Will+}
                  | (You bought it in a shop on level 3 of the Vaults)
 45177 | Vaults:3 | Found Lirchakle's General Store.
 45186 | Vaults:3 | Bought a potion of heal wounds for 55 gold pieces
 45255 | Vaults:3 | Noticed Margery
 45406 | Vaults:2 | Reached skill level 18 in Shields
 45762 | Vaults:3 | Killed Margery
 45902 | Vaults:3 | Found Hystiloc's Jewellery Emporium.
 46032 | Vaults:3 | Noticed Saint Roka
 46038 | Vaults:3 | Reached XP level 20. HP: 100/134 MP: 20/20
 46057 | Vaults:3 | Killed Saint Roka
 46932 | Vaults:4 | Noticed Donald
 46971 | Vaults:4 | Killed Donald
 47502 | Vaults:4 | Reached skill level 19 in Shields
 47813 | Vaults:4 | Found Wal Zay's Assorted Antiques.
 47821 | Vaults:4 | Bought 2 potions of heal wounds for 210 gold pieces
 47821 | Vaults:4 | Bought a scroll of teleportation for 63 gold pieces
 48121 | Vaults:5 | Entered Level 5 of the Vaults
 48121 | Vaults:5 | Noticed a dread lich
 48567 | Vaults:5 | Noticed a golden dragon
 48680 | Vaults:5 | Noticed an ancient lich
 48708 | Vaults:5 | Killed a dread lich
 48726 | Vaults:5 | Noticed a dread lich
 48839 | Vaults:5 | Killed a golden dragon
 49020 | Vaults:5 | Reached skill level 20 in Shields
 49235 | Vaults:5 | Identified the +10 whip of the Mashing Gods {flame, rElec}
 49240 | Vaults:5 | Identified the ring "Lucufes" {Ice Drain rPois Str+3}
 49257 | Vaults:5 | Reached XP level 21. HP: 126/141 MP: 21/21
 49285 | Vaults:5 | Identified the +2 buckler of Purpose {rN+ Int+6 Slay+2}
 49285 | Vaults:5 | Identified the +0 plate armour of Chimes {Rampage Drain
                  | Str+4}
 49285 | Vaults:5 | Identified the ring of Yblaph {rCorr MP+9}
 49285 | Vaults:5 | HP: 2/137 [shadow dragon/bolt of negative energy (7)]
 49631 | Vaults:5 | Identified the +3 scale mail "Lakletze" {rElec rC+ Int+5}
 49692 | Vaults:5 | Noticed a golden dragon
 50072 | Vaults:5 | Noticed a golden dragon
 50094 | Vaults:4 | Killed a golden dragon
 50469 | Vaults:4 | Killed a dread lich
 50877 | Vaults:4 | Killed a golden dragon
 51334 | Vaults:5 | Noticed an ancient lich
 51439 | Vaults:5 | Killed an ancient lich
 51534 | Vaults:5 | Identified a scroll of acquirement
 51892 | Vaults:4 | Killed an ancient lich
 53138 | Vaults:5 | Got a silver rune of Zot
 53194 | Vaults:5 | Reached skill level 21 in Shields
 53235 | Vaults:5 | Identified the +2 whip "Cabozeg" {elec, *Corrode rN++ Will+
                  | Dex+2}
 53929 | Vaults:5 | Gained mutation: Your spells are a little easier to cast,
                  | but a little less powerful. [a neqoxec]
 54618 | Elf:1    | Entered Level 1 of the Elven Halls
 54683 | Elf:1    | Acquired 699 gold pieces
 54856 | Elf:1    | Identified the +1 leather armour "Otapt" {Regen+ Int+4
                  | Dex+4 Slay+3}
 54954 | Elf:1    | Noticed Frances
 54972 | Elf:1    | Killed Frances
 55551 | Elf:1    | Reached XP level 22. HP: 149/149 MP: 22/22
 55765 | Elf:1    | Noticed Zenata
 55793 | Elf:1    | Killed Zenata
 56323 | Elf:2    | Found Jiunnuim's Jewellery Emporium.
 56338 | Elf:2    | Received a gift from Trog
 56392 | Elf:2    | Found a runed translucent gate.
 56393 | Elf:2    | Found a runed translucent gate.
 56394 | Elf:2    | Found a runed translucent gate.
 56550 | Elf:2    | Noticed Agnes
 56601 | Elf:2    | Killed Agnes
 56884 | Elf:2    | Noticed Azrael
 56897 | Elf:2    | Killed Azrael
 57410 | Elf:3    | Entered Level 3 of the Elven Halls
 57483 | Elf:3    | Found Tyuts's Armour Shop.
 57485 | Elf:3    | Found Gacrorah's Magic Scroll Boutique.
 57487 | Elf:3    | Found Foati's Magic Scroll Shop.
 57493 | Elf:3    | Bought a scroll of teleportation for 39 gold pieces
 57493 | Elf:3    | Bought a scroll of enchant weapon for 97 gold pieces
 57493 | Elf:3    | Bought a scroll of fear for 45 gold pieces
 57503 | Elf:3    | Reached skill level 1 in Evocations
 57503 | Elf:3    | Reached XP level 23. HP: 156/156 MP: 23/23
 57509 | Elf:3    | Bought a scroll of teleportation for 39 gold pieces
 57509 | Elf:3    | Bought a scroll of blinking for 97 gold pieces
 57509 | Elf:3    | Bought a scroll of teleportation for 39 gold pieces
 57509 | Elf:3    | Bought a scroll of summoning for 123 gold pieces
 57522 | Elf:3    | Reached skill level 22 in Shields
 57617 | Elf:3    | Found Ehaed's Book Shoppe.
 57672 | Elf:3    | Received a gift from Trog
 58011 | Elf:3    | Identified the +2 robe "Xenostu" {Drain Int+2 Slay+2}
 58020 | Elf:3    | Identified the +4 quarterstaff "Jiorphaus" {vorpal, rPois
                  | Str+4}
 58205 | Elf:3    | Identified the +10 spear "Joinew" {freeze, *Rage rPois
                  | Will++ SInv}
 59044 | Shoals:1 | Entered Level 1 of the Shoals
 60258 | Shoals:2 | You are sucked into a shaft and drop 1 floor!
 60277 | Shoals:3 | Reached XP level 24. HP: 133/163 MP: 23/23
 60468 | Shoals:2 | Found Zinablut's Weapon Shoppe.
 60653 | Abyss:2  | Found a corrupted altar of Lugonu.
 60653 | Abyss:2  | Cast into level 2 of the Abyss (merfolk impaler)
 60794 | Abyss:2  | Received a gift from Trog
 60905 | Abyss:2  | Paralysed by accursed screaming for 2 turns
 61265 | Abyss:2  | Reached skill level 23 in Shields
 61355 | Abyss:2  | Found a corrupted altar of Lugonu.
 61363 | Abyss:2  | Gained mutation: Your magical capacity is low. (-10% MP) [a
                  | neqoxec]
 61441 | Shoals:2 | Escaped the Abyss
 61959 | Shoals:2 | Received a gift from Trog
 62003 | Shoals:2 | Found Kiofaf's Weapon Shop.
 63197 | Shoals:4 | Entered Level 4 of the Shoals
 63413 | Shoals:4 | Received a gift from Trog
 63859 | Shoals:4 | Noticed Bai Suzhen
 63879 | Shoals:4 | Killed Bai Suzhen
 65008 | Shoals:4 | Got a barnacled rune of Zot
 65080 | Shoals:4 | Identified Roxanne's Directory of Forms
 65080 | Shoals:4 | Noticed Roxanne
 65105 | Shoals:4 | Killed Roxanne
 65456 | Crypt:1  | Entered Level 1 of the Crypt
 66836 | Crypt:2  | Identified the ring of Plog {Ice rElec Will+ Str+5}
 66836 | Crypt:2  | Noticed Josephina
 66846 | Crypt:2  | Reached skill level 24 in Shields
 66873 | Crypt:2  | Killed Josephina
 67399 | Crypt:2  | Reached XP level 25. HP: 115/171 MP: 21/21
 68043 | Crypt:3  | Entered Level 3 of the Crypt
 68808 | Crypt:3  | Reached skill level 10 in Dodging
 69094 | Crypt:3  | Identified the +2 cloak "Paadiwae" {rPois SInv Stlth-}
 69288 | Crypt:3  | Identified the +0 robe of the Catfish {rC+ Dex+4 SInv}
 69812 | Crypt:3  | Found a staircase to the Tomb.
 70022 | Crypt:3  | Found an ancient bone altar of Kikubaaqudgha.
 70055 | Crypt:3  | Noticed a dread lich
 70084 | Crypt:3  | Killed a dread lich
 70174 | Crypt:3  | Identified the +1 great mace of Compulsion {holy, rN+}
 70280 | Abyss:2  | Cast into level 2 of the Abyss (hell knight)
 70421 | Abyss:2  | Received a gift from Trog
 70429 | Abyss:2  | Reached skill level 25 in Shields
 70438 | Abyss:2  | Paralysed by accursed screaming for 1 turns
 70674 | Crypt:3  | Escaped the Abyss
 71240 | Tomb:1   | Entered Level 1 of the Tomb of the Ancients
 71696 | Tomb:1   | Identified the +5 leather armour "Wafampi" {rCorr Int+5}
 71922 | Tomb:1   | Noticed a royal mummy
 71944 | Tomb:1   | Noticed a royal mummy
 71953 | Tomb:1   | Gained mutation: You occasionally lose the ability to read
                  | scrolls when taking damage. [mutagenic glow]
 71963 | Tomb:1   | Gained mutation: Your spells are easier to cast, but less
                  | powerful. [mutagenic glow]
 71978 | Tomb:1   | Gained mutation: You do not regenerate when monsters are
                  | visible. [mutagenic glow]
 72461 | Tomb:1   | Noticed a royal mummy
 72467 | Tomb:1   | Noticed a royal mummy
 72484 | Tomb:1   | Noticed a royal mummy
 72491 | Tomb:1   | Killed a royal mummy
 72492 | Tomb:1   | Reached XP level 26. HP: 63/179 MP: 21/21
 72501 | Tomb:1   | Killed a royal mummy
 72534 | Tomb:1   | Noticed a royal mummy
 72562 | Tomb:1   | Killed a royal mummy
 72573 | Tomb:1   | Noticed a royal mummy
 72573 | Tomb:1   | Noticed a royal mummy
 73321 | Tomb:1   | Killed a royal mummy
 74080 | Tomb:2   | Noticed a royal mummy
 74082 | Tomb:2   | Noticed a royal mummy
 74085 | Tomb:2   | Noticed a royal mummy
 74101 | Tomb:2   | HP: 11/270 [death scarab[a royal mummy] (18)]
 74107 | Tomb:2   | HP: 1/270 [royal mummy/divine providence (12)]
 74107 | Tomb:2   | Noticed a royal mummy
 74110 | Tomb:2   | Killed from afar by a royal mummy

Illustrated notes

Levels and vault maps discovered:
D:1:      evilmike_arrival_fibonacci_small, layout_basic, minmay_misc_feat_chi
D:2:      layout_loops_ring, uniq_jessica
D:3:      layout_basic, eat_drink_and_be_merry_uskayaw,
          hellmonk_ecumenical_altar_arch_garden, uniq_pargi
D:4:      layout_basic, cheibriados_altar_1, mainiacjoe_overflow_alcove_2,
          gammafunk_ghost_stat_death, uniq_natasha, uniq_robin
D:5:      layout_loops_ring, mainiacjoe_overflow_24_doors,
          kennysheep_okawaru_gauntlet, tso_oasis_becter, jmf_multi_god_temple2,
          saegor_snake_ambush
D:6:      layout_basic, minmay_temple_entry_stoned_glass, portal_sewer_entry_f,
          glass_columns_c
D:7:      layout_loops_corners, lemuel_tele_altar,
          nicolae_qazlal_general_emergency, kennysheep_generic_room_14
D:8:      layout_cave_pods
D:9:      layout_basic, kennysheep_little_box, old_standard_altar, serial_shops,
          nicolae_shop_behind_doors, uniq_pikel
D:10:     layout_small_grid, orc_0_dummy, uniq_harold
D:11:     layout_cross, lair_entry_dummy, serial_shops, kennysheep_mini,
          uniq_lodul, uniq_grum
D:12:     layout_stronghold, serial_shops, nicolae_take_the_stairs, minivault_12
D:13:     layout_irregular_city, skrybe_vaults_entry_preservation,
          gauntlet_entry_generic
D:14:     layout_roguey, grunt_decor_clamped, serial_glass, glass_columns_c,
          glass_columns_b, gammafunk_ghost_crypt, minivault_16, uniq_snorg,
          uniq_jorgrun
D:15:     hangedman_depths_entry_try_elsewhere_first, layout_basic,
          nicolae_dithmenos_the_darkroom
Lair:1:   minmay_lair_oklob_tunnel, layout_regular_city, serial_bayou_shore_a,
          infiniplex_staircase_pool_2
Lair:2:   layout_chaotic_city, minmay_shoals_entry_hut, serial_bayou_pond_d,
          dreamdust_mushroom_princess, nicolae_quartered_pool_super,
          minivault_27, serial_bayou_pond_e
Lair:3:   layout_cave_pods
Lair:4:   layout_loops_ring, guppyfry_snake_entry_garden, serial_bayou_crossing,
          grunt_megastairs_5
Lair:5:   layout_small_grid
Lair:6:   wormcave, layout_gridlike, slime_entry_1
Shoals:1: layout_shoals
Shoals:2: layout_shoals, serial_shops, shop, nicolae_shop_bloodbath_and_beyond
Shoals:3: layout_shoals
Shoals:4: shoals_end_grunt_garden, layout_shoals, uniq_roxanne, uniq_bai_suzhen
Snake:1:  layout_layer_cave, gammafunk_ghost_arena
Snake:2:  layout_misc_corridors, basic_altar, uniq_mlioglotl
Snake:3:  nicolae_snake_hallway, layout_onion, gammafunk_ghost_arena,
          hangedman_snake_corridor_cut
Snake:4:  grunt_snake_rune_pools, layout_misc_corridors,
          hangedman_snake_wide_pillar_pass, st_stairs_4,
          nicolae_shop_overcharged_wands, lemuel_fruit_tree
Orc:1:    layout_diamond_mine, basic_altar
Orc:2:    st_orc_rangers, layout_caves
Elf:1:    eino_elf_arrival_sip, layout_onion_city, minivault_28, drop_trap,
          uniq_frances, uniq_zenata
Elf:2:    nicolae_elf_blades_splatter_lattice
          [nicolae_blade_entry_sentries_behind_glass], layout_geoelf_octagon,
          minmay_shop_enchanted_jewellery, uniq_agnes, uniq_azrael
Elf:3:    minmay_elf_hall_curves, layout_rooms, serial_shops,
          nicolae_shop_window_shopping, minmay_shop_star
Vaults:1: v_pattern_2, vaults_dpeg_diagonal, ontoclasm_vaults_eye,
          ontoclasm_vaults_spin, hangedman_vaults_corner_blocks,
          hangedman_vaults_stretched_pinwheel, v_misc_22,
          grunt_vaults_hallway_long, v_rooms_2, layout_vaults_chaotic_city,
          serial_shops, shop_fountains
Vaults:2: portal_desolation_entry_garden, hangedman_vaults_unwind,
          vaults_standard_mumra_lines, v_pattern_4,
          nicolae_vaults_little_squares_3, nicolae_vaults_little_squares_2,
          v_misc_18, vaults_room_corners, minmay_crypt_entry_simple_box,
          vaults_mumra_lcd, hangedman_vaults_snaps,
          nicolae_vaults_circle_grid_b, nicolae_vaults_circle_grid_a,
          hangedman_vaults_stretched_pinwheel, st_smaller_cells,
          layout_vaults_omnicross
Vaults:3: v_pattern_3, vaults_room_pools, v_alt_pattern_3,
          nicolae_vaults_little_squares_1, vaults_room_grid,
          nicolae_vaults_shelves_hall, layout_vaults_omnigrid, serial_shops,
          shop, shop, nicolae_shop_advertising_works
          [nicolae_subvault_shop_adworks], nicolae_shop_crystal,
          nicolae_diamond_shop, uniq_nikola, uniq_margery, uniq_saint_roka
Vaults:4: nicolae_vaults_murderbox, nicolae_vaults_circle_grid_b,
          hangedman_vaults_stitches, v_misc_14, nicolae_vaults_little_squares_2,
          vaults_dpeg_ring, nicolae_vaults_what_the_h,
          nicolae_vaults_circle_grid_b, vaults_room_pool,
          vaults_mumra_minichess, layout_vaults_maze, serial_shops,
          shop_fountains, uniq_donald
Vaults:5: serial_shops
Crypt:1:  layout_misc_corridors, serial_sigils_hangedman_scar,
          nicolae_crypt_little_mausoleum
Crypt:2:  layout_gridlike, minmay_misc_feat_columns, uniq_josephina
Crypt:3:  quadcrypt_mu
Tomb:1
Tomb:2

Skill      XL: |  1  2  3  4  5  6  7  8  9 10 11 12 13 14 15 16 17 18 19 20 21 22 23 24 25 |
---------------+----------------------------------------------------------------------------+-----
Axes           | 3 4 7 10 12 14 15 16 17 18 19 | 19.2
Fighting       | 4 5 6 7 8 10 11 12 13 14 15 16 17 18 19 20 21 22 | 22.2
Dodging        | 2 3 4 5 6 7 8 9 10 | 10.3
Armour         | 3 4 5 6 7 9 10 11 12 13 14 15 16 17 18 | 18.7
Maces & Flails | 2 4 6 8 10 12 13 14 | 14.4
Stealth        | 1 2 3 4 |  4.7
Throwing       | 1 2 |  2.7
Shields        | 2 3 4 5 6 7 8 11 13 16 18 20 21 22 24 25 | 25.9
Evocations     | 1 |  1.6
Short Blades   | |  0.6
Long Blades    | |  0.6
Polearms       | |  0.6
Staves         | |  0.7
Ranged Weapons | |  0.7
Unarmed Combat | |  0.9
Invocations    | |  0.9

Action                   |  1- 3 |  4- 6 |  7- 9 | 10-12 | 13-15 | 16-18 | 19-21 | 22-24 | 25-27 || total
-------------------------+-------+-------+-------+-------+-------+-------+-------+-------+-------++-------
Melee: Hand axe          |    87 |    86 |       |       |  1347 |  1811 |  2019 |  1753 |  1037 ||  8140
       Punch             |     1 |     1 |     7 |     9 |    20 |     1 |       |       |       ||    39
       War axe           |       |    37 |       |       |    13 |       |     5 |     7 |       ||    62
       Flail             |       |    79 |   353 |   656 |    64 |       |       |       |       ||  1152
Throw: Dart              |       |     3 |     6 |     2 |    14 |     2 |     1 |     1 |     1 ||    30
Invok: Berserk           |     1 |     1 |     1 |     1 |    15 |    26 |    29 |    13 |    11 ||    98
       Trog's Hand       |       |     1 |     2 |     6 |    29 |    39 |    57 |    32 |    26 ||   192
       Brothers in Arms  |       |       |       |     1 |     5 |     7 |       |     5 |     6 ||    24
Evoke: Wand              |       |     1 |       |       |     6 |       |       |       |     1 ||     8
  Use: Scroll            |     3 |     9 |    11 |     8 |     7 |    14 |    20 |     3 |     9 ||    84
       Potion            |       |       |       |     1 |     7 |     7 |    16 |     1 |     6 ||    38
 Stab: Sleeping          |     1 |       |       |       |       |       |       |       |       ||     1
       Distracted        |       |       |       |       |     1 |     1 |     1 |       |     1 ||     4
       Paralysed         |       |       |       |       |       |       |       |     1 |       ||     1
Armor: Animal skin       |    43 |    18 |       |       |       |       |       |       |       ||    61
       Ring mail         |       |    87 |   204 |       |       |       |       |       |       ||   291
       Chain mail        |       |       |       |   383 |   958 |   892 |  1070 |   881 |   618 ||  4802
Dodge: Dodged            |    73 |   150 |   256 |   345 |   691 |   505 |   631 |   660 |   521 ||  3832
Block: Other             |       |       |    43 |   158 |   254 |    54 |       |       |       ||   509
       Reflection        |       |       |     3 |       |     4 |   174 |    52 |   162 |     8 ||   403
       Kite shield       |       |       |       |       |       |  1561 |  1404 |       |       ||  2965
       Buckler           |       |       |       |       |       |       |   345 |  1402 |   990 ||  2737

Table legend: (Time is in decaauts)
 A = Elapsed time spent in this place.
 B = Non-inter-level travel time spent in this place.
 C = Inter-level travel time spent in this place.
 D = Time resting spent in this place.
 E = Time spent auto-exploring this place.
 F = Levels seen in this place.
 G = Mean time per level.
                   A        B        C        D        E       F      G
               +--------+--------+--------+--------+--------+-----+--------+
         Total |  72094 |  69398 |   2696 |  13188 |  41012 |  46 | 1567.3 |
       Dungeon |  18653 |  17778 |    875 |   1378 |  12991 |  15 | 1243.5 |
          Lair |   9269 |   8815 |    454 |    844 |   6513 |   6 | 1544.8 |
        Shoals |   5229 |   5087 |    142 |    681 |   3237 |   4 | 1307.2 |
     Snake Pit |   8214 |   7880 |    334 |   1209 |   4561 |   4 | 2053.5 |
  Orcish Mines |   2175 |   2029 |    146 |    502 |   1052 |   2 | 1087.5 |
   Elven Halls |   4083 |   3918 |    165 |    394 |   2488 |   3 | 1361.0 |
        Vaults |  15488 |  15097 |    391 |   6045 |   5910 |   5 | 3097.6 |
         Crypt |   5135 |   5010 |    125 |    473 |   3451 |   3 | 1711.7 |
          Tomb |   2809 |   2747 |     62 |   1407 |    616 |   2 | 1404.5 |
         Abyss |   1034 |   1034 |      0 |    252 |    192 |   2 |  517.0 |
               +--------+--------+--------+--------+--------+-----+--------+

Top non-repeatable levels by time:
Vaults:4: 3909 daAuts
Vaults:3: 3228 daAuts
Vaults:5: 2919 daAuts
Vaults:2: 2862 daAuts
  Tomb:1: 2792 daAuts
 Snake:3: 2713 daAuts
 Crypt:3: 2661 daAuts
Vaults:1: 2568 daAuts
 Snake:4: 2527 daAuts
    D:13: 2226 daAuts
  Lair:2: 2133 daAuts
  Lair:3: 2118 daAuts
    D:14: 1815 daAuts
    D:10: 1701 daAuts
Shoals:3: 1588 daAuts
